 Dungeon Crawl Stone Soup version 0.29.1-13-g9f3cf754e1 (webtiles) character file.

Game seed: 12702789169135711190

157 nickcage the Firebug (level 5, -2/28 HPs)
             Began as a Deep Elf Fire Elementalist on Jan 30, 2023.
             Slain by an orc
             ... wielding a +1 war axe of freezing
              (3 damage)
             ... on level 3 of the Dungeon.
             The game lasted 00:11:27 (2996 turns).

nickcage the Firebug (Deep Elf Fire Elementalist)   Turns: 2996, Time: 00:11:28

Health: -2/28      AC:  2    Str:  5    XL:     5   Next: 15%
Magic:  1/13       EV: 12    Int: 22    God:
Gold:   161        SH:  0    Dex: 15    Spells: 3/12 levels left

rFire   . . .      SeeInvis .   e - staff of conjuration
rCold   . . .      Faith    .   (no shield)
rNeg    . . .      Spirit   .   a - +0 robe
rPois   .          Reflect  .   (no helmet)
rElec   .          Harm     .   (no cloak)
rCorr   .          Rampage  .   (no gloves)
Will    .....                   (no boots)
Stlth   ++........              (no amulet)
HPRegen 0.09/turn               (no ring)
MPRegen 0.13/turn               (no ring)

@: very slightly contaminated
A: no striking features
a: no special abilities


You were on level 3 of the Dungeon.
You visited 1 branch of the dungeon, and saw 3 of its levels.

You collected 161 gold pieces.

Inventory:

Hand Weapons
 d - a +0 short sword of freezing
Armour
 a - a +0 robe (worn)
Magical Staves
 e - a staff of conjuration (weapon)
Wands
 m - a wand of digging (6)
Scrolls
 f - a scroll of amnesia
 i - a scroll of teleportation
 k - a scroll of identify
 l - a scroll of brand weapon
 n - a scroll of immolation {unknown}
 o - a scroll of noise {unknown}
 p - a scroll of enchant weapon {unknown}
 r - 2 scrolls of poison {unknown}
 s - a scroll of magic mapping {unknown}
Potions
 b - a potion of magic
 c - a potion of curing
 g - 3 potions of haste
 h - a potion of resistance
 j - a potion of brilliance
 q - a potion of lignification
 t - a potion of heal wounds {unknown}


   Skills:
 - Level 2.4 Dodging
 - Level 2.4 Stealth
 - Level 4.0 Spellcasting
 + Level 1.6 Conjurations
 + Level 5.9 Fire Magic


You had 3 spell levels left.
You knew the following spells:

 Your Spells              Type           Power      Damage    Failure   Level
a - Flame Wave            Conj/Fire      31%        2d9       24%         4
b - Scorch                Fire           60%        2d8       1%          2
c - Conjure Flame         Conj/Fire      31%        6-21      7%          3

Your spell library contained the following spells:

 Spells                   Type           Power      Damage    Failure   Level
 Foxfire                  Conj/Fire      100%       2x1d9     2%          1
 Inner Flame              Hex/Fire       17%        N/A       10%         3


Dungeon Overview and Level Annotations

Branches:
Dungeon (3/15)

Altars:


Message History

You can't see any susceptible monsters within range! (Use Z to cast anyway.)
An orc comes into view. It is wielding a +0 dagger.
Flames lash the orc priest.
The orc priest is severely wounded.
The orc priest's fire resistance burns away.
The orc shouts!
Flames lash the orc priest.
The orc priest is burned terribly!
You kill the orc priest!
You hear a shout!
You have reached level 5!
There is an open door here.
Casting: Scorch (safe; 1% risk of failure)
Confirm with . or Enter, or press ? or * to list all spells.
The spell is quite dangerous to miscast (7% risk of failure)!
Continue anyway?
You feel a surge of power!
You miscast Conjure Flame.
You are very lightly contaminated with residual magic.
Nothing appears to happen.
Flames lash the orc.
You kill the orc!
An orc comes into view. It is wielding a +0 dagger.
You miscast Scorch.
Nothing appears to happen.
The orc closely misses you.
You barely miss the orc.
The orc hits you with a +1 war axe of freezing.
The orc freezes you.
You hit the orc but do no damage.
The orc hits you with a +1 war axe of freezing!
The orc freezes you.
You barely miss the orc. The orc barely misses you.
You hit the orc.
The orc is heavily wounded.
The orc hits you with a +1 war axe of freezing!
* * * LOW HITPOINT WARNING * * *
The orc freezes you.
* * * LOW HITPOINT WARNING * * *
The orc attacks as you move away! The orc barely misses you.
The orc attacks as you move away!
The orc hits you with a +1 war axe of freezing.
* * * LOW HITPOINT WARNING * * *
The orc freezes you.
You die...

###### ####....# # #.......# #
#.......# # ####......## ######
###.........############....####
##..............@o.oo).'.)......
........)###############....####
.......))........# #....#
################.#### #....#
######## #....# ######
.......##### ####.#######
.....>.'...# #.......#
.......###.# #.......# .......#
#.# #...)...#


You could see 3 orcs.

Vanquished Creatures
  An orc priest (D:3)
  Terence (D:2)
  2 adders
  2 worms
  2 dart slugs (D:1)
  7 orcs (D:3)
  4 bats
  10 endoplasms
  5 giant cockroaches
  3 goblins
  4 hobgoblins
  5 kobolds
  7 quokkas
  2 ball pythons (D:1)
  3 frilled lizards (D:2)
  7 rats (D:1)
65 creatures vanquished.

Vanquished Creatures (others)
  22 foxfires
22 creatures vanquished.

Grand Total: 87 creatures vanquished

Notes
Turn   | Place    | Note
-------+----------+-------------------------------------------
     0 | D:1      | nickcage the Deep Elf Fire Elementalist began the quest for
                  | the Orb.
     0 | D:1      | Reached XP level 1. HP: 10/10 MP: 6/6
   249 | D:1      | Reached XP level 2. HP: 12/15 MP: 5/8
   252 | D:1      | Learned a level 2 spell: Scorch
   662 | D:1      | Reached skill level 4 in Fire Magic
   865 | D:1      | Reached XP level 3. HP: 19/19 MP: 2/10
  1241 | D:1      | Learned a level 3 spell: Conjure Flame
  1407 | D:2      | Found a faded altar of an unknown god.
  1447 | D:2      | Noticed Terence
  1458 | D:2      | Killed Terence
  1459 | D:2      | Reached XP level 4. HP: 24/24 MP: 2/12
  1916 | D:2      | Reached skill level 5 in Fire Magic
  2758 | D:3      | Learned a level 4 spell: Flame Wave
  2981 | D:3      | Reached XP level 5. HP: 28/28 MP: 6/13
  2996 | D:3      | HP: 1/28 [orc/+1 war axe of freezing (6)]
  2996 | D:3      | Slain by an orc

Illustrated notes

Levels and vault maps discovered:
D:1:      dpeg_arrival_ratfight, layout_basic
D:2:      layout_loops_ring, shapermc_ecumenical_altar_notcrosses, uniq_terence
D:3:      layout_basic

Skill      XL: |  1  2  3  4 |
---------------+-------------+-----
Fire Magic     | 4 5 |  5.9
Spellcasting   | 4 |  4.0
Dodging        | |  2.4
Stealth        | |  2.4
Conjurations   | |  1.6

Action                   |  1- 3 |  4- 6 || total
-------------------------+-------+-------++-------
Melee: Staff             |       |     4 ||     4
 Cast: Foxfire           |    13 |       ||    13
       Scorch            |    30 |    36 ||    66
       Conjure Flame     |     1 |       ||     1
  Use: Scroll            |       |     8 ||     8
Dodge: Dodged            |     3 |     3 ||     6
